 Dungeon Crawl Stone Soup version 0.21-a0-529-g8c7b3f5 (webtiles) character file.

2 Lasiace the Basher (level 1, -2/13 HPs)
             Began as a Gnoll Wanderer on Dec 10, 2017.
             Slain by a hobgoblin (4 damage)
             ... on level 1 of the Dungeon.
             The game lasted 00:02:56 (143 turns).

Lasiace the Basher (Gnoll Wanderer)                  Turns: 143, Time: 00:02:56

Health: -2/13      AC:  3    Str: 14    XL:     1   Next: 40%
Magic:  2/2        EV: 10    Int: 15    God:
Gold:   13         SH:  0    Dex: 13    Spells: 0/0 levels left

rFire    . . .     SeeInvis .   a - +2 quarterstaff
rCold    . . .     Gourm    .   (shield currently unavailable)
rNeg     . . .     Faith    .   d - +0 leather armour (curse)
rPois    .         Spirit   .   (no helmet)
rElec    .         Reflect  .   (no cloak)
rCorr    .         Harm     .   (no gloves)
MR       .....                  (no boots)
Stlth    ++........             (no amulet)
HPRegen  0.04/turn              (no ring)
MPRegen  0.08/turn              (no ring)

@: no status effects
A: distributed training, fangs 1, strong nose
a: no special abilities


You were on level 1 of the Dungeon.
You were not hungry.

You visited 1 branch of the dungeon, and saw 1 of its levels.

You collected 13 gold pieces.

Inventory:

Hand Weapons
 a - a +2 quarterstaff (weapon)
 b - a +0 mace
Armour
 d - a cursed +0 leather armour (worn)
Scrolls
 e - a scroll of amnesia {unknown}
Potions
 h - a potion of curing {unknown}
 i - a potion of agility {unknown}
Comestibles
 c - a royal jelly
 f - a bread ration
 g - a chunk of flesh


   Skills:
 + Level 0.0 Fighting
 + Level 0.0 Short Blades
 + Level 0.0 Long Blades
 + Level 0.0 Axes
 + Level 8.4 Maces & Flails
 + Level 0.0 Polearms
 + Level 4.4 Staves
 + Level 0.0 Slings
 + Level 0.0 Bows
 + Level 0.0 Crossbows
 + Level 0.0 Throwing
 + Level 2.3 Armour
 + Level 0.0 Dodging
 + Level 2.1 Stealth
 + Level 2.3 Shields
 + Level 0.0 Unarmed Combat
 + Level 0.0 Spellcasting
 + Level 0.0 Conjurations
 + Level 0.0 Hexes
 + Level 0.0 Charms
 + Level 0.0 Summonings
 + Level 0.0 Necromancy
 + Level 0.0 Translocations
 + Level 0.0 Transmutations
 + Level 0.0 Fire Magic
 + Level 0.0 Ice Magic
 + Level 0.0 Air Magic
 + Level 0.0 Earth Magic
 + Level 0.0 Poison Magic
 + Level 0.1 Invocations
 + Level 2.3 Evocations


You couldn't memorise any spells.
You didn't know any spells.

Dungeon Overview and Level Annotations

Branches:
Dungeon (1/15)

Altars:


Innate Abilities, Weirdness & Mutations

Your experience applies equally to all skills.
You have very sharp teeth.
Your uncanny sense of smell can sniff out nearby items.


Message History

You hit the ooze.
The ooze is moderately wounded.
The bat hits you but does no damage. The hobgoblin hits you.
The ooze hits you but does no damage.
You barely miss the ooze. You bite the ooze.
The ooze is moderately wounded.
The bat hits you. The hobgoblin misses you. The ooze hits you.
* * * LOW HITPOINT WARNING * * *
You are too injured to fight recklessly!
You are too injured to fight recklessly!
You are too injured to fight recklessly!
Unknown command.
The bat hits you.
* * * LOW HITPOINT WARNING * * *
The hobgoblin closely misses you.
A frilled lizard comes into view.
You closely miss the hobgoblin. You bite the hobgoblin.
The hobgoblin is heavily wounded.
The hobgoblin hits you.
You die...

########### #.........#
#...$.....#
#.."......########
#.......Jb.......#
########g######.## #@# #.#
#.l.....# #.# #.##....# #.#
#.####### #.# #.......###.#
#######.#...#
###################.#.#####
..[......................>#
###...#########..##.#....##


You could see an ooze, a hobgoblin, a bat and a frilled lizard (sleeping).

Vanquished Creatures
  A giant cockroach (D:1)
  A goblin (D:1)
2 creatures vanquished.

Notes
Turn   | Place    | Note
-------+----------+-------------------------------------------
     0 | D:1      | Lasiace the Gnoll Wanderer began the quest for the Orb.
     0 | D:1      | Lasiace set off with: a +0 spear, a +2 quarterstaff, a +0 mace, a +0 robe, a bread ration
     0 | D:1      | Reached XP level 1. HP: 13/13 MP: 2/2
   143 | D:1      | Slain by a hobgoblin

Vault maps used:
D:1:      lightli_arrival_statue_moat

Action                   || total
-------------------------++-------
Melee: Quarterstaff      ||     9
       Bite              ||     2
Armor: Leather armour    ||     6
Dodge: Dodged            ||     9

Table legend:
 A = Spawn XP
 B = Non-spawn XP
 C = Spawn XP percentage of total XP
 D = Spawn monster count
 E = Non-spawn monster count
 F = Spawn count percentage of total count
 G = Total turns spent on level
                    A         B        C        D         E        F      G
               +---------+---------+-------+---------+---------+-------+---------
         Total |       0 |       4 |   0.0 |       0 |       2 |   0.0 |   143
               +---------+---------+-------+---------+---------+-------+---------
           D:1 |       0 |       4 |   0.0 |       0 |       2 |   0.0 |   143
               +---------+---------+-------+---------+---------+-------+---------
